 Dungeon Crawl Stone Soup version 0.31-a0-1620-gcbf77bbcfc (webtiles) character file.

Game seed: 18045266464531989656

42 Flugslaktarn the Trooper (level 3, 0/33 HPs)
             Began as a Minotaur Fighter on Jan 11, 2024.
             Slain by Terence
             ... wielding a +3 hand axe of freezing
              (2 damage)
             ... on level 2 of the Dungeon.
             The game lasted 00:00:21 (932 turns).

Flugslaktarn the Trooper (Minotaur Fighter)          Turns: 932, Time: 00:00:21

Health: 0/33       AC:  7    Str: 22    XL:     3   Next: 35%
Magic:  2/2        EV:  9    Int:  5    God:
Gold:   58         SH:  5    Dex: 15    Spells: 2/2 levels left

rFire   . . .        a - +0 war axe
rCold   . . .        c - +0 buckler
rNeg    . . .        b - +0 scale mail
rPois   .            (helmet restricted)
rElec   .            (no cloak)
rCorr   .            (no gloves)
SInv    .            (no boots)
Will    .....        (no amulet) Stlth
                     g - +6 ring of dexterity
HPRegen 0.25/turn    (no ring)
MPRegen 0.08/turn

%: no passive effects
@: no status effects
A: horns 2, retaliatory headbutt
a: no special abilities


You were on level 2 of the Dungeon.
You visited 1 branch of the dungeon, and saw 2 of its levels.

You collected 58 gold pieces.

Inventory:

Hand Weapons
 a - a +0 war axe (weapon)
Armour
 b - a +0 scale mail (worn)
 c - a +0 buckler (worn)
Jewellery
 g - a +6 ring of dexterity (left hand)
   (You found it on level 1 of the Dungeon)
Scrolls
 e - 2 scrolls of identify {unknown}
 f - a scroll of teleportation {unknown}
 h - a scroll of blinking {unknown}
 j - a scroll of noise {unknown}
Potions
 d - a potion of might
 i - a potion of heal wounds {unknown}


   Skills:
 * Level 4.3 Fighting
 * Level 3.4 Axes
 + Level 3.9 Armour
 + Level 3.9 Shields


You had 2 spell levels left.
You didn't know any spells.
Your spell library contained the following spells:

 Spells                   Type           Power      Damage    Failure   Level
 Shock                    Conj/Air       0%         1d3       86%         1
 Swiftness                Air            0%         N/A       99%         3
 Airstrike                Air            0%         2d(0-16)  100%        4


Dungeon Overview and Level Annotations

Branches:
Dungeon (2/15)

Altars:

Annotations:
D:2 Robin, Terence


Innate Abilities, Weirdness & Mutations

You have a pair of horns on your head.
You reflexively headbutt those who attack you in melee.


Message History

You open the door.
There is an open door here.
You see here a +0 club.
There is an open door here.
Things that are here:
a +0 club; a gnoll skeleton
There is an open door here.
You see here a +0 hand axe.
Done exploring.
No target in view!
Done exploring.
No target in view!
No target in view!
Done exploring.
Done exploring.
There is a stone staircase leading down here.
You climb downwards.
Terence shouts!
Robin shouts!
The goblin shouts! x2; The hobgoblin shouts! x3
The goblin shouts! x2; The hobgoblin shouts! x2; The goblin shouts!
Found 12 gold pieces.
There is a stone staircase leading up here.
There are monsters nearby!
Unknown command.
There are monsters nearby!
There are monsters nearby!
There is a stone staircase leading up here.
Robin throws the goblin at you! The goblin closely misses you.
The hobgoblin hits you but does no damage.
Robin roars a battlecry!
The goblins go into a battle-frenzy!
The hobgoblin closely misses you.
You climb upwards.
There is a stone staircase leading down here.
You closely miss the hobgoblin. You miss the goblin.
The goblin hits you but does no damage. x2
You barely miss the hobgoblin. You slash the goblin!
You kill the goblin!
The hobgoblin hits you but does no damage.
You closely miss the hobgoblin. The hobgoblin closely misses you.
You block the hobgoblin's attack.
You hit the hobgoblin.
The hobgoblin is severely wounded.
The hobgoblin barely misses you.
You slash the hobgoblin!
You kill the hobgoblin!
You hit the hobgoblin but do no damage. The hobgoblin hits you.
You block the hobgoblin's attack.
You hit the hobgoblin. You headbutt the hobgoblin.
You kill the hobgoblin!
No target in view!
No target in view!
No target in view!
No target in view!
You climb downwards.
Level annotation: Robin, Terence You block the goblin's attack.
The hobgoblin closely misses you. The hobgoblin barely misses you.
Terence hits you with a +3 hand axe of freezing.
Terence freezes you. The goblin hits you with a +0 club.
The hobgoblin hits you but does no damage.
You block the goblin's attack.
There is a stone staircase leading up, spattered with blood here.
You hit Terence but do no damage. You hit the hobgoblin.
You kill the hobgoblin!
You closely miss the hobgoblin. You closely miss the goblin.
You slash the goblin!
You kill the goblin!
Terence hits you with a +3 hand axe of freezing.
Terence freezes you. The goblin barely misses you. You furiously retaliate!
You headbutt the goblin!
You kill the goblin!
You barely miss Terence. You closely miss the goblin. You hit the goblin.
You kill the goblin!
You slash the hobgoblin!
You kill the hobgoblin!
The goblin hits you but does no damage. You block Terence's attack.
You block the goblin's attack. Terence barely misses you.
The hobgoblin hits you but does no damage.
You slash Terence!
Terence is moderately wounded.
You hit the goblin. You closely miss the hobgoblin. x2
You block the goblin's attack.
The hobgoblin hits you but does no damage.
Terence hits you with a +3 hand axe of freezing!
Terence freezes you.
* * * LOW HITPOINT WARNING * * *
The hobgoblin closely misses you. You furiously retaliate!
You headbutt the hobgoblin!
You kill the hobgoblin!
You are too injured to fight recklessly!
You are too injured to fight recklessly!
Robin roars a battlecry!
The goblins go into a battle-frenzy!
The hobgoblin hits you but does no damage.
Terence hits you with a +3 hand axe of freezing.
* * * LOW HITPOINT WARNING * * *
Terence freezes you.
You die...
Terence says, "Time to find some more victims."

....#####
.......#
.......###
.........
.....$...
####.....$..
#...g.......
#.g@g.....
#)@g...###
####.#....
...... .....
#####


You could see Terence, Robin, a hobgoblin (strong) and 2 goblins.

Vanquished Creatures
  A gnoll (D:1)
  2 bats (D:1)
  2 endoplasms (D:1)
  7 goblins
  8 hobgoblins
  A kobold (D:1)
  3 ball pythons (D:1)
  4 rats (D:1)
28 creatures vanquished.

Notes
Turn   | Place    | Note
-------+----------+-------------------------------------------
     0 | D:1      | Flugslaktarn the Minotaur Fighter began the quest for the
                  | Orb.
     0 | D:1      | Reached XP level 1. HP: 19/19 MP: 0/0
   209 | D:1      | Reached XP level 2. HP: 27/27 MP: 1/1
   424 | D:1      | Reached skill level 4 in Fighting
   532 | D:1      | Reached XP level 3. HP: 33/33 MP: 2/2
   914 | D:2      | Noticed Terence
   914 | D:2      | Noticed Robin
   932 | D:2      | Slain by Terence

Illustrated notes

Levels and vault maps discovered:
D:1:      nicolae_arrival_washed_ashore, layout_loops_ring,
          minmay_misc_feat_encased
D:2:      layout_basic, uniq_terence, uniq_sigmund, uniq_robin

Skill      XL: |  1  2 |
---------------+-------+-----
Fighting       | 4 |  4.3
Axes           | 3 |  3.4
Armour         | |  3.9
Shields        | |  3.9

Action                     || total
---------------------------++-------
  Melee: War axe           ||    59
         Headbutt          ||     6
 Armour: Scale mail        ||    51
  Dodge: Dodged            ||    28
  Block: Buckler           ||    21

Table legend: (Time is in decaauts)
 A = Elapsed time spent in this place.
 B = Non-inter-level travel time spent in this place.
 C = Inter-level travel time spent in this place.
 D = Time resting spent in this place.
 E = Time spent auto-exploring this place.
 F = Levels seen in this place.
 G = Mean time per level.
                   A        B        C        D        E       F      G
               +--------+--------+--------+--------+--------+-----+--------+
         Total |    956 |    935 |     21 |      0 |    782 |   2 |  478.0 |
       Dungeon |    956 |    935 |     21 |      0 |    782 |   2 |  478.0 |
               +--------+--------+--------+--------+--------+-----+--------+

Top non-repeatable levels by time:
     D:1: 945 daAuts
     D:2: 10 daAuts
